[Event "1000GM Spring GM-A 2024"]
[Site "New York"]
[Date "2024.03.31"]
[Round "8.4"]
[White "Mardov, Dimitar"]
[Black "Lu, Maximillian"]
[Result "1-0"]
[ECO "D82"]
[WhiteElo "2473"]
[BlackElo "2375"]
[Annotator "TA"]
[PlyCount "143"]
[EventDate "2024.03.26"]
[EventType "tourn"]
[EventCountry "USA"]
[SourceTitle "playchess.com"]
[Source "ChessBase"]
[SourceQuality "1"]
[TimeControl "5400+30"]

1. d4 Nf6 2. c4 g6 3. Nc3 d5 4. Bf4 Bg7 5. e3 c5 6. dxc5 Qa5 7. Rc1 Ne4 8. cxd5 {[%emt 0:02:49] D82: Grünfeld: 4 Bf4.} Nd7 9. Nge2 Ndxc5 10. f3 Nxc3 11. Nxc3 Bd7 12. Be2 $146 ({Predecessor:} 12. Qd2 Rc8 13. Rc2 O-O 14. Nd1 Qa4 15. Nc3 Qa5 16. Bc4 a6 17. Ne4 Qxd2+ 18. Kxd2 {1-0 Rodewis,T (2368)-Koch,M (2249) Oberliga Bayern 1415 2014 (8.2)}) 12... b5 13. O-O Rc8 14. d6 e6 15. Ne4 b4 16. Nxc5 Rxc5 17. Rxc5 Qxc5 18. Qd2 O-O 19. Rc1 Qb6 20. Kf1 Rd8 21. Bg5 (21. Rc7 $18 {and White stays clearly on top.}) 21... f6 $16 22. Bh4 Be8 {[%emt 0:09:34] [#]} 23. Rd1 $1 Qc5 24. e4 Bf8 25. Qd4 Rxd6 26. Qxc5 Rxd1+ 27. Bxd1 Bxc5 28. Bxf6 Kf7 29. Be5 Ke7 30. h4 a5 31. b3 Bb5+ 32. Be2 Bc6 33. Bc4 Kd7 (33... Bd6 $16 34. Bd4 Bc7) 34. Ke2 $18 Be7 35. g3 Bc5 36. g4 Be7 37. g5 Bc5 38. Bd3 Bb6 39. f4 Ke7 40. f5 Be8 (40... Bd7 $142 41. Kf3 Kf8) 41. f6+ Kf7 42. Bc4 Bc6 {[%emt 0:00:06] [#]} 43. Kf3 $1 Bd7 44. Kg4 Bc6 45. Bd3 Be8 46. h5 Bd7 47. Bc4 Bc6 48. hxg6+ hxg6 49. Kf3 Bd7 50. Ke2 Bc6 51. Kd3 Bf2 $2 (51... Ba8 52. Bb5 Bb7) 52. Bd4 Bg3 53. Bb6 a4 54. Be3 axb3 55. axb3 (55. Bxb3 Bb5+ 56. Bc4 Ba4 $18) 55... Be1 (55... Bd6 $142 56. Bc1 Bc5) 56. Bd4 $2 (56. Bd2 $18 Bg3 57. Kd4 (57. Bxb4 Bf4 $18)) 56... Bh4 $1 $14 57. Be3 $2 (57. e5 $14 Bxg5 58. Be3) 57... Be1 $18 58. Bd2 Bh4 59. Kd4 Bg3 60. Bd3 Bb7 61. Kc5 ({Inferior is} 61. Bxb4 Bf2+ 62. Kc4 Ba6+ 63. Kc3 Be1+ 64. Kd4 (64. Kb2 Bxb4 65. Bxa6 Bd2 $11) 64... Bf2+ 65. Kc3 Be1+ 66. Kd4 (66. Kb2 Bxb4 67. Bxa6 Bd2 $11) 66... Bf2+ 67. Kc3 $11) 61... Bc7 62. Kxb4 Bd6+ 63. Kb5 Ke8 64. Kb6 Ba8 65. b4 Kd7 66. b5 Kc8 67. Ka5 Kd7 68. Bb4 Bxb4+ 69. Kxb4 e5 70. Kc5 Bb7 71. Kb6 Bc8 72. Ka7 1-0

[Event "1000GM Spring GM-A 2024"]
[Site "New York"]
[Date "2024.03.31"]
[Round "8.5"]
[White "Bortnyk, Mykola"]
[Black "Huston, Gus"]
[Result "1/2-1/2"]
[ECO "C25"]
[WhiteElo "2453"]
[BlackElo "2401"]
[Annotator "TA"]
[PlyCount "132"]
[EventDate "2024.03.26"]
[EventType "tourn"]
[EventCountry "USA"]
[SourceTitle "playchess.com"]
[Source "ChessBase"]
[SourceQuality "1"]
[TimeControl "5400+30"]

1. e4 e5 2. Nc3 Nc6 3. g3 Bc5 4. Bg2 d6 5. Na4 Be6 6. d3 {[%emt 0:02:08] C25: Vienna Game: Alternatives to 2...Nf6.} Qd7 7. Nxc5 dxc5 8. Be3 b6 9. f4 f6 10. Nf3 O-O-O 11. O-O Nge7 12. fxe5 $146 ({Predecessor:} 12. a3 c4 13. fxe5 fxe5 14. dxc4 Qxd1 15. Rfxd1 Bxc4 16. b3 Be6 17. Bg5 Rxd1+ 18. Rxd1 {1-0 Durarbayli,V (2624)-Tan,J (2346) Saint Louis SPICE Cup op 8th 2014 (7)}) 12... Nxe5 13. Nxe5 fxe5 14. b3 Nc6 15. Qh5 h6 16. Rf2 Qe8 17. Qxe8 Rdxe8 18. Raf1 Kd7 19. Bf3 Ref8 20. Kg2 Ke7 21. c3 Rf7 22. h4 Rd8 23. Be2 Rxf2+ 24. Rxf2 Rf8 25. g4 Rxf2+ 26. Kxf2 a5 27. g5 hxg5 28. Bxg5+ Kd7 29. Kg3 a4 30. bxa4 Bxa2 31. h5 Bb3 32. Kg4 Ke6 33. Kh4 Kf7 34. Bg4 Ke8 35. Be3 (35. h6 gxh6 36. Bh5+ Kf8 37. Bxh6+ Ke7 $17) 35... Bxa4 36. Be6 Bb5 37. c4 Ba4 38. Kg5 Nb4 (38... Ke7 $17 39. Bg4 Bc2) 39. Kg6 $11 Kf8 (39... Nxd3 $2 40. Kxg7 Ke7 41. Bf5 $18) 40. Bg5 $1 Be8+ (40... Nxd3 41. Bd8 $17) 41. Kf5 Nxd3 ({Don't do} 41... Bxh5 42. Bd8 $17) 42. Bd8 c6 43. h6 $1 gxh6 44. Kf6 $1 Bh5 45. Bxb6 (45. Bd7 $1 $11 {is superior.}) 45... Ke8 $15 46. Bc7 Bf3 47. Bf5 h5 48. Bg6+ (48. Bd6 $15) 48... Kd7 $17 49. Bb8 {[%emt 0:00:00] [#]} Bg4 $1 50. Kg5 Ke7 (50... Nb2 $17 51. Bf5+ Ke7 52. Bxg4 hxg4 53. Bxe5 Nxc4) 51. Ba7 Kd7 52. Bb8 $1 Bf3 53. Kf6 Kc8 54. Bxe5 Nxe5 55. Kxe5 {[%emt 0:00:00] [#]} Kd7 ({Black should play} 55... Kc7 $1 $17 {And now ...h4 would win.} 56. Kf4 Bg4) 56. Kf6 $1 $11 Bg4 57. e5 h4 58. Bf7 h3 59. e6+ Kc7 (59... Kd6 $5 60. e7 $8 Bd7 $11) 60. e7 Bd7 61. Be6 h2 62. Bxd7 h1=Q (62... h1=R $2 63. e8=Q (63. e8=R Kxd7 64. Re7+ Kd6 $17) 63... Rf1+ 64. Ke7 Re1+ 65. Be6 Rd1 66. Qa8 Kb6 67. Qb8+ Ka5 68. Qa8+ Kb4 69. Qxc6 $18) (62... Kxd7 $5 63. Kf7 $8 h1=Q 64. e8=Q+ Kc7 65. Qe7+ Kb6 66. Qd8+ Ka7 $11) 63. e8=Q (63. e8=R $2 {is the wrong capture.} Kxd7 64. Re7+ Kd6 $19 (64... Kd8 $2 65. Rg7 $19)) 63... Qh6+ 64. Kf7 Qh7+ 65. Kf6 Qxd7 66. Qxd7+ Kxd7 1/2-1/2

[Event "1000GM Spring GM-A 2024"]
[Site "New York"]
[Date "2024.04.01"]
[Round "9.1"]
[White "Huston, Gus"]
[Black "Shlyakhtenko, Robert"]
[Result "1-0"]
[ECO "B42"]
[WhiteElo "2401"]
[BlackElo "2384"]
[Annotator "TA"]
[PlyCount "87"]
[EventDate "2024.03.26"]
[EventType "tourn"]
[EventCountry "USA"]
[SourceTitle "playchess.com"]
[Source "ChessBase"]
[SourceQuality "1"]
[TimeControl "5400+30"]

1. e4 c5 2. Nf3 e6 3. d4 cxd4 4. Nxd4 a6 5. Bd3 Bc5 6. Nb3 Ba7 7. Qe2 Ne7 {[%emt 0:00:14] Nowadays more popular than 7...Nc6. B42: Sicilian: Kan Variation: 5 Bd3.} 8. Be3 O-O 9. Bxa7 Rxa7 10. Qe3 Nbc6 11. Nc3 b5 12. O-O-O b4 13. Na4 $1 d6 14. f4 Bd7 15. h4 Rb7 $146 ({Predecessor:} 15... Nc8 16. e5 Nxe5 17. fxe5 Bxa4 18. exd6 Bxb3 19. axb3 Rd7 20. Qe4 g6 21. Qxb4 Rxd6 {½-½ Gopal,G (2573)-Vetoshko,V (2499) Bayern-chI Bank Hofmann 26th 2023 (9)}) 16. Bxa6 Ra7 17. Bb5 (17. Rxd6 $1 $14 Qb8 (17... Rxa6 18. Nac5 $16) 18. Rhd1 (18. Qd3 Rxa6 19. Nac5 Bc8 $17) 18... Rxa6 19. Nac5) 17... Qc7 (17... Nc8 $1 $11 18. Qe2 Qe8) 18. Kb1 $2 (18. Qb6 $14 Rb8 19. Qxc7 Rxc7 20. Bf1) 18... Rb8 (18... Nb8 $17 19. Qe2 Rc8 (19... Rxa4 20. Bxa4 Bxa4 21. h5 $17)) 19. c4 $11 bxc3 20. Nxc3 Nb4 (20... Rab7 $11 {keeps the balance.}) 21. Bxd7 $1 $16 Qxd7 22. Rh3 Qc7 ({Better is} 22... h5) 23. Qd2 (23. Qd4 $142 $1) 23... Ra6 24. h5 h6 25. g4 (25. f5 $16) 25... Qa7 26. Nc1 Ra8 (26... d5 $14) 27. b3 $1 $16 Kf8 (27... d5 $16) 28. g5 Qc5 29. gxh6 gxh6 30. f5 Nxf5 $2 (30... exf5 {is a better defense.} 31. Nd3 (31. Qxh6+ Ke8 $18) 31... Nxd3) 31. Rf3 (31. exf5 Qxf5+ 32. Rd3 Ke7 $16) (31. Rf1 $142) 31... Ng7 $18 32. Rdf1 (32. Qxh6 $6 Qxh5 33. Qe3 R8a7 $18) 32... R8a7 (32... Qxh5 $142 33. Rxf7+ (33. a3 Nc6 $18) 33... Qxf7 34. Rxf7+ Kxf7 35. Qf4+ (35. Qxh6 Kg8 $18) 35... Kg8 36. Qxh6 Rf8) 33. Qxh6 Qxh5 34. Qf6 Qh2 $2 (34... Ne8 $16 {was necessary.} 35. Qxe6 d5) 35. R1f2 Qe5 $2 (35... Qh5 36. Rg3 Ne8 37. Qxe6 Ra5) 36. Qh4 $2 (36. Qg6 Nf5 37. Qh5 Nxa2 38. N1xa2) 36... Ne8 (36... Qh5 $142 37. Qg3 Ne8) 37. Rg2 f6 $2 {[%emt 0:02:33] [#]} (37... Ra5 $18 38. Qh6+ Ke7) 38. Qh8+ $1 Ke7 39. Rg8 Kd7 40. Rxe8 Nc6 41. Rc8 d5 42. exd5 exd5 {[%emt 0:00:12] [#]} 43. Rxf6 (43. Nd3 $142 $1 Qxc3 44. Nc5+ (44. Qxf6 $2 {perishes.} Qxf6 45. Rxf6 Kxc8 $19) 44... Kd6 45. Rxc3 Rf7 46. Rxc6+ (46. Nxa6 Ne5 47. Rd8+ Nd7 48. Rxd7+ Kxd7 49. Qc8+ Kd6 50. Re3 Re7) 46... Kxc6 47. Nxa6+ Kd6 48. Qb8+ Kd7 49. Re3 Kc6 50. Re6+ Kd7 51. Qe8#) 43... Qe7 44. Qh3+ 1-0

[Event "1000GM Spring GM-A 2024"]
[Site "New York"]
[Date "2024.03.31"]
[Round "9.2"]
[White "Lu, Maximillian"]
[Black "Bortnyk, Mykola"]
[Result "0-1"]
[ECO "E11"]
[WhiteElo "2375"]
[BlackElo "2453"]
[Annotator "TA"]
[PlyCount "82"]
[EventDate "2024.03.26"]
[EventType "tourn"]
[EventCountry "USA"]
[SourceTitle "playchess.com"]
[Source "ChessBase"]
[SourceQuality "1"]
[TimeControl "5400+30"]

1. d4 Nf6 2. c4 e6 3. Nf3 Bb4+ 4. Bd2 c5 5. Bxb4 cxb4 6. g3 O-O 7. Bg2 Qc7 8. Nbd2 a5 9. a3 Na6 {[%emt 0:00:12] The position is equal.} 10. Ne5 d6 11. Nd3 bxa3 12. Rxa3 e5 {[%emt 0:00:04] [#]} 13. c5 dxc5 $11 14. dxe5 Ng4 15. O-O Nb4 16. Qc1 {[%emt 0:04:51] Nxb4 would now be deadly.} Nxd3 (16... Nxe5 $2 {loses.} 17. Nxb4 (17. Qxc5 Qxc5 18. Nxc5 Rd8 $11) (17. Nxc5 Rb8 $11) 17... Be6 18. Nd5 Bxd5 19. Bxd5 $18) 17. Rxd3 Qxe5 18. e4 (18. Rc3 $11) 18... Qe7 19. f4 {[%emt 0:02:51] [#] Repels Ne5. Black keeps a firm grip on the game.} (19. e5 $11 {remains equal.}) 19... b5 $1 $17 {[%emt 0:02:00] aiming for ...c4.} 20. Kh1 (20. Nf3 $17) 20... c4 $19 21. Rdf3 Bb7 22. h3 Nf6 23. e5 Nd7 24. Re3 Bxg2+ 25. Kxg2 Nc5 26. Qc3 Rfd8 27. Nf3 Rd3 28. Rxd3 Nxd3 29. Qd4 Qb4 30. Qd5 Qxb2+ 31. Kg1 {[%emt 0:00:52] [#]} Rf8 {[%emt 0:00:05] Threatens to win with ...Qe2.} 32. e6 $2 (32. Ng5 {was necessary.} Nc1 33. Rf2) 32... fxe6 33. Qxe6+ Kh8 34. Ng5 (34. Qd5 $142 Qe2 35. Ng5) 34... Qf6 {[%emt 0:00:20] Strongly threatening ...Qxe6. Black is clearly winning.} 35. Qd5 Qf5 36. Qb7 h6 37. Ne4 Nc5 38. Nxc5 Qxc5+ 39. Kh2 c3 40. f5 c2 41. f6 gxf6 {[%emt 0:00:09] Weighted Error Value: White=0.89/Black=0.18 (very precise) .  Mistake:       	White=6     	---        Inaccurate:     	---       	Black=2      OK:         	White=9     	Black=12     Best:        	White=1     	Black=3      Strong:       	---       	Black=1} ({Inferior is} 41... c1=R 42. Qxg7#) 0-1

[Event "1000GM Spring GM-A 2024"]
[Site "New York"]
[Date "2024.03.31"]
[Round "9.3"]
[White "Novik, Maxim"]
[Black "Mardov, Dimitar"]
[Result "0-1"]
[ECO "C95"]
[WhiteElo "2415"]
[BlackElo "2473"]
[Annotator "RC"]
[PlyCount "62"]
[EventDate "2024.03.26"]
[EventType "tourn"]
[EventCountry "USA"]
[SourceTitle "playchess.com"]
[Source "ChessBase"]
[SourceQuality "1"]
[TimeControl "5400+30"]

1. e4 e5 2. Nf3 Nc6 3. Bb5 a6 4. Ba4 Nf6 5. O-O Be7 6. Re1 b5 7. Bb3 d6 8. c3 O-O 9. h3 Nb8 10. d4 Nbd7 11. Nbd2 Bb7 12. Bc2 Re8 13. Nf1 Bf8 14. Ng3 a5 15. a4 b4 16. cxb4 axb4 17. b3 exd4 18. Nxd4 Nc5 19. f3 g6 20. Bb2 Bh6 21. Nf1 d5 22. Nb5 Ne6 23. Ne3 c6 24. Nd4 c5 25. Nb5 d4 26. Nf1 Nh5 27. Bc1 Nef4 28. Kh2 Qh4 29. Bb1 Nxg2 30. Bxh6 Nxe1 31. Ra2 Nf4 0-1

[Event "1000GM Spring GM-A 2024"]
[Site "New York"]
[Date "2024.04.01"]
[Round "9.4"]
[White "Sethuraman, Sandeep"]
[Black "Lomasov, Semyon"]
[Result "0-1"]
[ECO "A40"]
[WhiteElo "2381"]
[BlackElo "2565"]
[Annotator "TA"]
[PlyCount "118"]
[EventDate "2024.03.26"]
[EventType "tourn"]
[EventCountry "USA"]
[SourceTitle "playchess.com"]
[Source "ChessBase"]
[SourceQuality "1"]
[TimeControl "5400+30"]

1. d4 e6 2. c4 Bb4+ 3. Nc3 c5 4. dxc5 Bxc3+ 5. bxc3 Qa5 6. Qd3 $146 {[%emt 0:10:09] A40: Unusual replies to 1 d4.} ({Predecessor:} 6. e4 Nf6 7. f3 Nc6 8. Ne2 Qxc5 9. a4 Ne5 10. Qd4 Qxd4 11. Nxd4 a6 12. Ba3 {0-1 Holt,C (2549)-Terry,R (2504) Titled Tuesday intern op 02nd Feb blitz 2021 (11)}) 6... Na6 7. Qd4 f6 8. Rb1 Qxa2 9. Rb5 Ne7 10. e4 Nc6 11. Qd2 Qxd2+ 12. Kxd2 b6 13. cxb6 axb6 14. Rxb6 Nc5 15. f3 Ra2+ 16. Rb2 Rxb2+ (16... Ra1 {feels hotter.} 17. Ne2 Na4 18. Rb3 Na5) 17. Bxb2 Ba6 18. Nh3 Kf7 19. Ba3 Nb3+ 20. Kc2 Nba5 21. c5 Bc4 22. Bxc4 Nxc4 23. Rf1 $2 (23. Bc1 $11) 23... Re8 $2 ({Black should play} 23... Ne3+ $19 24. Kb3 Rb8+ (24... Nxf1 $2 25. Bc1 $19) 25. Ka2 Nxf1) 24. Bc1 $1 $11 Ra8 25. Rd1 Ke8 26. Nf4 N6e5 27. Kb3 g5 28. Nd3 Ra1 29. Nxe5 Nxe5 30. h3 h5 31. Kb2 Ra5 32. Kb3 Rb5+ 33. Kc2 Rxc5 34. Ba3 Ra5 35. Kb3 Ng6 36. Rd2 Nf4 37. c4 Ra7 38. Bd6 e5 39. Bc5 Ra1 40. Be3 Ne6 41. Ra2 Re1 42. Bf2 Rf1 43. Be3 g4 44. hxg4 ({Reject} 44. fxg4 hxg4 45. hxg4 Re1 $17) 44... hxg4 45. Rf2 (45. fxg4 Re1 46. Bd2 Rxe4 $15) 45... Re1 46. Bd2 Rg1 47. fxg4 Nc5+ 48. Kc2 $1 Nxe4 49. Re2 Ng3 50. Re1 Rxg2 51. g5 $1 Kf7 52. gxf6 (52. Kd1 $15) 52... Kxf6 $17 53. Kc1 {[%emt 0:00:36] [#]} ({White has to play} 53. Kd3) 53... Rg1 (53... Kf5 $3 $17 {[%mdl 512] Threatens to win with ...Ne4.} 54. Rd1 Ke6) 54. Kd1 Rxe1+ 55. Bxe1 Nf5 56. Ke2 e4 57. Bc3+ $1 Ke6 58. Bb4 $2 {[%emt 0:01:43] [#]} (58. Kd2 $11 {and White stays safe.}) 58... Ke5 $1 $19 59. Bc5 $2 {[%emt 0:00:22] [#]} (59. Bc3+ Kf4 60. Bb2) 59... Nd6 $1 0-1

[Event "1000GM Spring GM-A 2024"]
[Site "New York"]
[Date "2024.03.31"]
[Round "9.5"]
[White "Zilka, Stepan"]
[Black "Ostrovskiy, Aleksandr"]
[Result "1-0"]
[ECO "B10"]
[WhiteElo "2589"]
[BlackElo "2411"]
[Annotator "TA"]
[PlyCount "53"]
[EventDate "2024.03.26"]
[EventType "tourn"]
[EventCountry "USA"]
[SourceTitle "playchess.com"]
[Source "ChessBase"]
[SourceQuality "1"]
[TimeControl "5400+30"]

1. e4 c6 2. Nf3 d5 3. d3 Qc7 4. Nc3 dxe4 5. Nxe4 Nf6 6. Qe2 Nxe4 7. Qxe4 Nd7 8. Bf4 {[%emt 0:03:09] The position is equal.} Qb6 9. O-O-O Nf6 10. Qe1 Bg4 11. Be2 e6 12. h3 Bxf3 13. Bxf3 a5 14. d4 a4 15. a3 Be7 16. h4 O-O 17. g4 Rfd8 18. g5 Nd5 19. Be5 Qa6 ({Black should play} 19... c5 $14) 20. g6 hxg6 {[%emt 0:00:53] [#] This costs Black the game.} (20... fxg6 $16 {was called for.} 21. h5 h6) 21. h5 $18 gxh5 (21... g5 22. h6 Bf6 23. hxg7 Kxg7 24. Bxd5 (24. Qg1 Bxe5 25. Qxg5+ Kf8 $18) 24... Rxd5 25. Qe3 Rxe5 26. dxe5 $18) 22. Rg1 ({Weaker is} 22. Rxh5 Bf6 (22... f6 $2 23. Bxf6 Kf7 24. Bxg7 $18) 23. Kb1 (23. Qh1 Kf8 $16) 23... Bxe5 24. Qxe5 (24. dxe5 Nf4 $11) 24... Qb5 $16) 22... g6 (22... Nf6 {keeps fighting.} 23. Qe3 Kf8) 23. Qe4 ({Not} 23. Bxh5 Kf8 24. Bxg6 fxg6 $11) 23... f5 (23... Kf8 $142 24. Rxg6 Bd6 (24... fxg6 25. Qxg6 $18)) 24. Rxg6+ Kf7 {[%emt 0:00:00] [#]} 25. Bxh5 $1 {[%emt 0:04:10] This pair of bishops is nice. White mates.} fxe4 (25... Ke8 26. Rxe6+) 26. Rh6+ Kf8 27. Rh8# {[%emt 0:50:47] Weighted Error Value: White=0.10 (very precise) /Black=0.50.  Loses game:     	---       	Black=1      Mistake:       	---       	Black=3      Inaccurate:     	---       	Black=2      OK:         	White=6     	Black=8      Best:        	White=3     	---} 1-0